 Dungeon Crawl Stone Soup version 0.32-a0-931-g5a2cda0630 (webtiles) character file.

Game seed: 17469916058185954112

233528 ooooo the Scorcher (level 19, -5/122 (129) HPs)
             Began as an Octopode Conjurer on Apr 13, 2024.
             Was an Initiate of Gozag.
             Slain by a vault warden
             ... wielding a +5 battleaxe of electrocution
              (46 damage)
             ... on level 1 of the Vaults.
             The game lasted 03:28:22 (77366 turns).

ooooo the Scorcher (Octopode Conjurer)             Turns: 77366, Time: 03:28:23

HP:   -5/122 (129)  AC:  7    Str:  8    XL:     19   Next: 57%
MP:   17/47         EV: 21    Int: 41    God:    Gozag
Gold: 2205          SH:  0    Dex: 10    Spells: 4/32 levels left

rFire   + . .        l - +8 mithril axe "Arga" {speed, Will+}
rCold   + + .        (no shield)
rNeg    . . .        M - +2 hat
rPois   +            T - amulet "Wykkugann" {rElec Will+ RegenMP+ Stlth-}
rElec   +            t - ring of willpower
rCorr   +            A - +5 ring of evasion
SInv    .            u - +6 ring of intelligence
Will    ++++.        q - +6 ring of intelligence
Stlth   ++++++       Q - ring of protection from cold
HPRegen 0.40/turn    e - ring of magical power
MPRegen 0.70/turn    E - ring "Muremes" {MP+9 AC+4 Int+2}
                     N - ring of poison resistance

%: no passive effects
@: mighty, resistant, gold aura, on berserk cooldown, very slightly
contaminated, hasted and slowed, drained
A: almost no armour, amphibious, 8 rings, camouflage 1, gelatinous body 1,
(nimble swimmer 1), tentacles
}: 1/15 runes: barnacled
a: Renounce Religion, Potion Petition, Call Merchant, Bribe Branch


You were on level 1 of the Vaults.
You worshipped Gozag.
Gozag was most pleased with you.
You visited 7 branches of the dungeon, and saw 31 of its levels.
You also visited: Sewer, Bailey and Gauntlet.

You collected 12543 gold pieces.
You spent 976 gold pieces at shops.
You paid 9362 gold pieces to Gozag.

Inventory:

Hand Weapons
 l - the +8 mithril axe "Arga" (weapon) {speed, Will+}
   (You found it on level 1 of the Spider Nest)

   Will+:     It increases your willpower.
Armour
 M - a +2 hat (worn)
Jewellery
 e - a ring of magical power (on tentacle)
 q - a +6 ring of intelligence (on tentacle)
 t - a ring of willpower (left tentacle)
 u - a +6 ring of intelligence (on tentacle)
 A - a +5 ring of evasion (right tentacle)
 C - a ring of fire
 E - the ring "Muremes" (on tentacle) {MP+9 AC+4 Int+2}
   (You found it on level 1 of the Orcish Mines)

   [ring of protection]

   AC+4:      It affects your AC (+4).
   Int+2:     It affects your intelligence (+2).
   MP+9:      It affects your magic capacity (+9).
 N - a ring of poison resistance (on tentacle)
 O - a ring of ice
 P - a ring of magical power
 Q - a ring of protection from cold (on tentacle)
 T - the amulet "Wykkugann" (around mantle) {rElec Will+ RegenMP+ Stlth-}
   (You took it off a merfolk on level 4 of the Shoals)

   [amulet of magic regeneration]

   It increases your rate of magic regeneration.
   rElec:     It insulates you from electricity.
   Will+:     It increases your willpower.
   Stlth-:    It makes you less stealthy.
   RegenMP+:  It increases your rate of magic regeneration.
 V - a ring of flight
 W - a ring of protection from fire
Talismans
 z - a granite talisman
Wands
 f - a wand of acid (5)
 h - a wand of polymorph (3)
 n - a wand of charming (43)
 w - a wand of iceblast (12)
 D - a wand of flame (13) (quivered)
Scrolls
 a - 3 scrolls of torment
 c - 3 scrolls of revelation
 i - 2 scrolls of teleportation
 p - a scroll of poison
 r - a scroll of silence
 x - a scroll of fear
 I - 11 scrolls of identify
 Y - 4 scrolls of immolation
Potions
 b - 5 potions of might
 g - 5 potions of attraction
 j - 5 potions of cancellation
 m - 14 potions of curing
 o - 2 potions of haste
 s - 6 potions of enlightenment
 B - 3 potions of ambrosia
 F - 2 potions of heal wounds
 G - a potion of invisibility
 H - 6 potions of brilliance
 L - 5 potions of berserk rage
 Z - a potion of lignification
Miscellaneous
 d - a sack of spiders
 k - a lightning rod (4/4)
 v - a Gell's gravitambourine (1/2)
 y - a tin of tremorstones (2/2)
 J - a phantom mirror


   Skills:
 - Level 11.5 Fighting
 - Level 12.0 Dodging
 - Level 16.0 Stealth
 - Level 7.1 Spellcasting
 - Level 11.7 Conjurations
 - Level 20.6 Fire Magic
 - Level 6.3 Ice Magic
 - Level 6.3 Air Magic
 - Level 6.0 Alchemy
 + Level 11.7 Shapeshifting


You had 4 spell levels left.
You knew the following spells:

 Your Spells              Type           Power      Damage    Failure   Level
a - Ignition              Fire           55%        3d15      3%          8
b - Magic Dart            Conj           100%       1d8       1%          1
c - Fulminant Prism       Conj/Alch      36%        3d17      1%          4
d - Iskenderun's Mystic   Conj/Tloc      58%        2d12      (+2d61%     4
e - Freezing Cloud        Conj/Ice/Air   34%        6-21      2%          5
f - Ignite Poison         Fire/Alch      89%        N/A       1%          4
g - Searing Ray           Conj           100%       2d8       1%          2

Your spell library contained the following spells:

 Spells                   Type           Power      Damage    Failure   Level
 Foxfire                  Conj/Fire      100%       2x1d9     0%          1
 Scorch                   Fire           100%       2d9       0%          2
 Cigotuvi's Dreadful Rot  Necr/Alch/Air  96%        N/A       1%          2
 Momentum Strike          Conj/Tloc      100%       3d10      1%          2
 Static Discharge         Conj/Air       100%       3-8/arc   1%          2
 Dazzling Flash           Conj/Hex       100%       N/A       1%          3
 Inner Flame              Hex/Fire       78%        N/A       1%          3
 Mephitic Cloud           Conj/Alch/Air  69%        N/A       1%          3
 Summon Ice Beast         Ice/Summ       40%        N/A       1%          3
 Volatile Blastmotes      Fire/Tloc      100%       2d18      1%          3
 Airstrike                Air            30%        2d(5-21)  1%          4
 Flame Wave               Conj/Fire      99%        2d21      1%          4
 Sticky Flame             Fire/Alch      89%        2d13      1%          4
 Summon Blazeheart Golem  Fire/Summ      78%        N/A       1%          4
 Apportation              Tloc           28%        N/A       2%          1
 Slow                     Hex            56%        N/A       2%          1
 Blink                    Tloc           28%        N/A       3%          2
 Jinxbite                 Hex            28%        N/A       3%          2
 Lesser Beckoning         Tloc           28%        N/A       3%          2
 Sublimation of Blood     Necr           14%        N/A       3%          2
 Summon Lightning Spire   Summ/Air       40%        N/A       6%          4
 Sigil of Binding         Hex            14%        N/A       7%          3
 Dimensional Bullseye     Hex/Tloc       7%         N/A       22%         4
 Dispel Undead            Necr           14%        3d10      22%         4
 Martyr's Knell           Necr/Summ      14%        N/A       22%         4
 Passage of Golubria      Tloc           14%        N/A       22%         4
 Irradiate                Conj/Alch      36%        3d23      1%          5
 Plasma Beam              Fire/Air       45%        2x1d59    1%          6
 Starburst                Conj/Fire      49%        6d14      1%          6
 Alistair's Intoxication  Alch           39%        N/A       4%          5
 Metabolic Englaciation   Hex/Ice        20%        N/A       17%         5
 Silence                  Hex/Air        20%        N/A       17%         5
 Sculpt Simulacrum        Ice/Alch       30%        N/A       26%         6
 Curse of Agony           Necr           14%        N/A       52%         5
 Summon Mana Viper        Hex/Summ       14%        N/A       52%         5
 Fire Storm               Conj/Fire      49%        8d13      96%         9
 Death Channel            Necr           7%         N/A       98%         6
 Summon Cactus Giant      Summ           7%         N/A       98%         6
 Manifold Assault         Tloc           7%         N/A       100%        7
 Monstrous Menagerie      Summ           7%         N/A       100%        7
 Borgnjor's Revivificati  Necr           7%         N/A       100%        8


Dungeon Overview and Level Annotations

Branches:
Dungeon (14/15) Zot: 25560  Temple (1/1) D:7 Zot: 5961    Lair (5/5) D:9 Zot: 14189
 Shoals (4/4) Lair:2 Zot: 8598  Spider (4/4) Lair:2 Zot: 8897   Slime (0/5) Lair:4
    Orc (2/2) D:10 Zot: 6573     Elf (0/3) Orc:2        Vaults (1/5) D:14 Zot: 3872
  Sewer (visited)          Bailey (visited)         Gauntlet (visited)

Altars:
Ashenzari
Cheibriados
Dithmenos
Elyvilon
Fedhas
Gozag
Hepliaklqana
Kikubaaqudgha
Makhleb
Nemelex Xobeh
Okawaru
Qazlal
Ru
Sif Muna
Trog
Uskayaw
Vehumet
Wu Jian
Xom
Yredelemnul
Zin
The Shining One
Beogh
Jiyva

Shops:
D:9 [?!::   Orc:2 (=[*

Annotations:
D:9 1 runed translucent door, wally255's ghost, journeyman MiFi
Shoals:4 Mara
Spider:4 8 exclusions
Vaults:1 Boris


Innate Abilities, Weirdness & Mutations

You cannot wear most types of armour.
You are amphibious.
You can wear up to eight rings at the same time.
Your skin changes colour to match your surroundings (Stealth+).
Your rubbery body absorbs attacks. (AC +1, EV +1)
((You are camouflaged when in or above water. (Stealth+)))
You have tentacles for arms and can constrict up to eight enemies at once.


Message History

[c] - 640 gold - resistance, invisibility, haste and brilliance Purchase which effect?
You no longer have enough gold to bribe branches to halt enemies' attacks and recruit allies.
You feel much better.
You feel better.
You feel protected.
You feel mightier all of a sudden.
You feel yourself speed up.
The yaktaur shoots a bolt.
The bolt hits you!! The vault warden completely misses you.
The vault sentinel blows a loud note on a signal horn!
The yaktaur shoots a bolt.
The bolt completely misses you.
The yaktaur shoots a bolt.
The bolt closely misses you.
You hear a shout!
Casting: Ignition (dangerous; 3% risk of failure)
Confirm with . or Enter, or press ? or * to list all spells.
Casting: Ignition (dangerous; 3% risk of failure)
Press: ? - help, Dir - look around, f - activate The air bursts into flame!
The fireball engulfs the vault sentinel!!
The vault sentinel is moderately wounded.
The fireball engulfs the vault warden!!
The vault warden is moderately wounded.
The fireball engulfs the yaktaur!
The yaktaur is heavily wounded.
The fireball engulfs the yaktaur captain!!
The yaktaur captain is heavily wounded.
The fireball engulfs the yaktaur!!
The yaktaur is severely wounded.
The fireball engulfs the yaktaur!
The yaktaur is moderately wounded.
The fireball engulfs the yaktaur!!
You kill the yaktaur!
The fireball engulfs the vault warden!!
The vault warden is heavily wounded.
The fireball engulfs the yaktaur!!
The yaktaur is almost dead.
The fireball engulfs the yaktaur captain!
The yaktaur captain is heavily wounded.
You hear a shout!
The vault warden hits you with a +5 battleaxe of electrocution!!!
You die...
Your body crumbles into a pile of gold.

.....# ## #.....#
.....# #..
#.....# .....#
#...#.....#####
.....#
#...'..p.......
....##
##.###.........
...## ##?.......
...# #........
...# #p$..c...
...# #@.....c.
...## ##......c.
....##
##.........
.....#
#....######
.....# #....#
.....# #..###
.....## ##..#
......#######...#
................#


You could see a vault warden, a yaktaur captain, a vault sentinel and 2
yaktaurs.

Vanquished Creatures
  A titan (Shoals:4)
  A kraken (Shoals:3)
  Polyphemus (Shoals:4)
  Frances (Shoals:2)
  Agnes (Spider:4)
  3 emperor scorpions (Spider:4)
  A ghost moth (Spider:1)
  3 orc warlords
  9 broodmothers
  An ironbound preserver (Vaults:1)
  An ironbound thunderhulk (Vaults:1)
  A formless jellyfish (Vaults:1)
  2 spark wasps (Spider:4)
  A minotaur (Gauntlet)
  A fire dragon (D:14)
  8 merfolk impalers (Shoals:4)
  A yaktaur captain (Vaults:1)
  4 entropy weavers
  Josephine (D:14)
  9 merfolk javelineers
  6 hydras
  Harold (Lair:2)
  4 vault guards (D:14)
  3 ogre magi
  Erica (D:8)
  A catoblepas (Shoals:4)
  4 jorogumos
  3 satyrs
  2 radroaches
  7 two-headed ogres
  3 merfolk avatars (Shoals:4)
  2 alligator snapping turtles
  3 ironbound frosthearts (Vaults:1)
  5 merfolk aquamancers (Shoals:4)
  6 boulder beetles
  5 death yaks
  A tengu warrior (D:13)
  2 demonic crawlers (Spider:3)
  Sonja (Lair:3)
  An orc high priest (Orc:2)
  A deep elf knight (D:14)
  9 pharaoh ants
  3 skysharks
  6 sea snakes
  4 skeletal warriors (D:13)
  4 deep trolls (Vaults:1)
  14 orb spiders
  12 orc knights
  7 steelbarb worms
  2 deep elf pyromancers (D:14)
  7 lindwurms
  16 harpies
  7 orc sorcerers
  14 ugly things
  9 fauns
  A moth of wrath (Spider:1)
  22 wolf spiders
  3 cyclopes
  13 manticores
  3 meliai (Spider:3)
  6 molten gargoyles
  9 merfolk sirens
  28 elephants
  5 kobold blastminers (Orc:1)
  A guardian serpent (D:14)
  6 black mambas
  5 torpor snails
  A rust devil (Gauntlet)
  4 gargoyles
  A vault sentinel (Vaults:1)
  14 water nymphs
  15 cane toads
  4 unseen horrors
  2 yaktaurs
  3 tengu conjurers (D:14)
  10 komodo dragons
  A kobold demonologist (D:11)
  6 rime drakes
  2 trolls
  31 merfolk
  4 hornets
  26 jumping spiders
  6 polar bears
  10 wind drakes
  13 blink frogs
  23 tarantellas
  5 snapping turtles
  5 dream sheep
  22 slime creatures
  34 culicivoras
  12 spriggans (Lair:5)
  A ynoxinul (Gauntlet)
  9 air elementals (Shoals:4)
  16 water elementals
  3 humans (D:14)
  2 shadows
  8 wraiths
  A fire bat (shapeshifter) (D:14)
  A vampire (D:11)
  7 wyverns
  76 yaks
  Grum (D:11)
  2 basilisks
  45 redbacks
  7 vampire mosquitoes
  17 water moccasins
  47 orc warriors
  2 ice beasts
  8 ogres
  10 black bears
  29 wolves
  5 boggarts (Lair:5)
  2 centaurs
  3 phantoms
  4 kobold brigands (Bailey)
  11 bullfrogs
  A gnoll sergeant (D:11)
  5 scorpions
  13 wights
  2 electric eels
  7 lava snakes
  2 bombardier beetles
  A jelly (D:5)
  A gnoll bouda (D:8)
  13 orc priests
  A hound (D:7)
  4 iron imps (Gauntlet)
  17 orc wizards
  An iguana (D:5)
  2 hell rats
  Robin (D:2)
  14 adders
  6 gnolls
  4 river rats
  A shadow imp (D:5)
  A white imp (D:8)
  2 ufetubi (D:7)
  4 dart slugs
  4 ribbon worms
  73 orcs
  6 endoplasms
  7 giant cockroaches
  15 goblins
  9 hobgoblins
  4 quokkas
  12 ball pythons
  5 bats (D:1)
  3 frilled lizards
  27 kobolds
  16 rats
  6 tentacles (Shoals:3)
1190 creatures vanquished.

Vanquished Creatures (collateral kills)
  Mlioglotl (Shoals:4)
  A merfolk impaler (Shoals:4)
2 creatures vanquished.

Vanquished Creatures (others)
  107 fulminant prisms
  2 tentacles (Shoals:3)
109 creatures vanquished.

Grand Total: 1301 creatures vanquished

Notes
Turn   | Place    | Note
-------+----------+-------------------------------------------
     0 | D:1      | ooooo the Octopode Conjurer began the quest for the Orb.
     0 | D:1      | Reached XP level 1. HP: 11/11 MP: 3/3
   198 | D:1      | Reached XP level 2. HP: 17/17 MP: 1/5
   620 | D:1      | Learned a level 2 spell: Searing Ray
  1122 | D:1      | Reached XP level 3. HP: 22/22 MP: 1/6
  1653 | D:2      | Reached skill level 1 in Alchemy
  1775 | D:2      | Noticed Robin
  1779 | D:2      | Killed Robin
  1780 | D:2      | Reached skill level 1 in Fighting
  1780 | D:2      | Reached XP level 4. HP: 17/28 MP: 1/7
  2523 | D:2      | Found a faded altar of an unknown god.
  2782 | D:3      | Reached skill level 1 in Shapeshifting
  2782 | D:3      | Reached XP level 5. HP: 31/33 MP: 5/8
  3822 | D:4      | Reached skill level 5 in Conjurations
  3822 | D:4      | Reached XP level 6. HP: 37/39 MP: 0/10
  4121 | D:4      | Found a glowing drain.
  4128 | Sewer    | Entered a sewer
  5762 | D:5      | Entered Level 5 of the Dungeon
  5821 | D:5      | Reached XP level 7. HP: 30/45 MP: 1/11
  6728 | D:6      | Reached skill level 5 in Stealth
  6878 | D:6      | Reached XP level 8. HP: 51/51 MP: 7/12
  7258 | D:6      | Learned a level 4 spell: Fulminant Prism
  7272 | D:6      | Learned a level 4 spell: Iskenderun's Mystic Blast
  7903 | D:7      | Found a staircase to the Ecumenical Temple.
  7912 | Temple   | Entered the Ecumenical Temple
  7931 | Temple   | Became a worshipper of Gozag Ym Sagoz the Greedy
  7984 | D:7      | Found a flagged portal.
  7994 | Bailey   | Entered a bailey
  8579 | Bailey   | Reached XP level 9. HP: 42/58 MP: 6/14
  8652 | Bailey   | Noticed an orc knight
  8743 | Bailey   | Killed an orc knight
  8995 | Bailey   | Found an iron altar of Okawaru.
  9497 | D:8      | Reached skill level 5 in Dodging
  9636 | D:8      | Found a bloodstained altar of Trog.
  9988 | D:8      | Noticed a two-headed ogre
 10004 | D:8      | Noticed Erica
 10254 | D:8      | Reached XP level 10. HP: 65/65 MP: 8/17
 10356 | D:8      | Reached skill level 5 in Alchemy
 10466 | D:8      | Killed Erica
 10467 | D:8      | Reached skill level 5 in Fighting
 10651 | D:8      | Found a hazy altar of Hepliaklqana.
 10910 | D:8      | Reached skill level 5 in Spellcasting
 11795 | D:9      | Noticed a death yak
 12334 | D:9      | Found Nere's Armour Emporium.
 12364 | D:9      | Reached XP level 11. HP: 45/72 MP: 6/19
 12365 | D:9      | Reached skill level 5 in Shapeshifting
 12715 | D:9      | Learned a level 5 spell: Freezing Cloud
 12985 | D:9      | Found a runed translucent door.
 12989 | D:9      | Killed a death yak
 12990 | D:9      | Reached skill level 1 in Ice Magic
 12990 | D:9      | Reached skill level 1 in Air Magic
 13179 | D:9      | Noticed wally255's ghost (journeyman MiFi)
 13343 | D:9      | Found a staircase to the Lair.
 13890 | D:10     | Entered Level 10 of the Dungeon
 13908 | D:10     | Found a staircase to the Orcish Mines.
 13954 | D:10     | Noticed a two-headed ogre
 13966 | D:10     | Killed a two-headed ogre
 14399 | D:10     | Noticed a two-headed ogre
 14406 | D:10     | Killed a two-headed ogre
 14688 | D:10     | Reached skill level 10 in Conjurations
 15160 | Lair:1   | Entered Level 1 of the Lair of Beasts
 15535 | Lair:1   | Paralysed by a hornet for 3 turns
 15539 | Lair:1   | Reached XP level 12. HP: 39/80 MP: 15/21
 16042 | Lair:1   | Reached skill level 10 in Stealth
 17623 | Lair:2   | Reached skill level 5 in Ice Magic
 17660 | Lair:2   | Reached skill level 5 in Air Magic
 18127 | Lair:2   | Found a staircase to the Shoals.
 18176 | Lair:2   | Got Pykhajy's Handbook of the Incinerated Crypt
 18180 | Lair:2   | Noticed Harold
 18250 | Lair:2   | Found the +0 toga "Victory" {*Victory Clar}
 18477 | Lair:2   | Noticed a boulder beetle
 18488 | Lair:2   | Killed a boulder beetle
 19040 | Lair:2   | Reached XP level 13. HP: 61/86 MP: 19/23
 19376 | Lair:2   | You fall into a shaft and drop 1 floor!
 19751 | Lair:2   | Found a hole to the Spider Nest.
 20238 | Lair:2   | Killed Harold
 20808 | Lair:2   | Learned a level 4 spell: Ignite Poison
 20876 | Lair:3   | Reached skill level 1 in Fire Magic
 20942 | Lair:3   | Noticed Sonja
 20946 | Lair:3   | Killed Sonja
 20947 | Lair:3   | Reached skill level 2 in Fire Magic
 21344 | Lair:3   | Reached skill level 3 in Fire Magic
 21520 | Lair:3   | Reached skill level 4 in Fire Magic
 21576 | Lair:3   | Reached skill level 5 in Fire Magic
 22099 | D:9      | Bought a potion of heal wounds for 75 gold pieces
 22099 | D:9      | Bought a potion of ambrosia for 120 gold pieces
 22099 | D:9      | Bought a potion of brilliance for 60 gold pieces
 22362 | Lair:4   | Reached skill level 6 in Fire Magic
 22788 | Lair:4   | Reached skill level 7 in Fire Magic
 23553 | Lair:4   | Reached skill level 8 in Fire Magic
 24115 | Lair:4   | Reached skill level 9 in Fire Magic
 24115 | Lair:4   | Reached XP level 14. HP: 93/93 MP: 24/24
 24334 | Lair:4   | Reached skill level 10 in Fire Magic
 24797 | Lair:4   | Found a viscous altar of Jiyva.
 24798 | Lair:4   | Found a staircase to the Slime Pits.
 24952 | Lair:4   | Reached skill level 11 in Fire Magic
 25259 | Lair:5   | Entered Level 5 of the Lair of Beasts
 26277 | Lair:5   | Reached skill level 12 in Fire Magic
 27798 | Lair:5   | Reached skill level 13 in Fire Magic
 29202 | Lair:5   | Reached skill level 14 in Fire Magic
 29202 | Lair:5   | Reached XP level 15. HP: 99/99 MP: 25/25
 29599 | Lair:5   | Learned a level 8 spell: Ignition
 30179 | D:9      | Bought a scroll of amnesia for 60 gold pieces
 30179 | D:9      | Bought 2 scrolls of identify for 60 gold pieces
 30179 | D:9      | Bought a scroll of identify for 30 gold pieces
 30179 | D:9      | Bought a scroll of poison for 60 gold pieces
 30237 | Orc:1    | Entered Level 1 of the Orcish Mines
 30491 | Orc:1    | Noticed an orc warlord
 30512 | Orc:1    | Killed an orc warlord
 30517 | Orc:1    | Reached skill level 15 in Fire Magic
 30532 | Orc:1    | Noticed an orc warlord
 30550 | Orc:1    | Killed an orc warlord
 31164 | Orc:1    | Identified the +5 shortbow of the Everdark {flame, Dex+3}
 32308 | Orc:1    | Identified the ring "Muremes" {MP+9 AC+4 Int+2}
 32349 | Orc:1    | Got the Thoughts on Hoarfrost and Ill Luck
 32589 | Orc:2    | Entered Level 2 of the Orcish Mines
 33177 | Orc:2    | Found Migharhu's Jewellery Shop.
 33863 | Orc:2    | Reached skill level 16 in Fire Magic
 34035 | Orc:2    | Found Kulit's Antique Armour Boutique.
 34049 | Orc:2    | Bought an embroidered hat for 231 gold pieces
 34492 | Orc:2    | Found a roughly hewn altar of Beogh.
 34708 | Orc:2    | Found a roughly hewn altar of Beogh.
 34731 | Orc:2    | Noticed an orc warlord
 34797 | Orc:2    | Killed an orc warlord
 35249 | Orc:2    | Found Beseico's General Store.
 35464 | Orc:2    | Found Kapreor's Antique Weapon Shoppe.
 35480 | Orc:2    | Found a staircase to the Elven Halls.
 35636 | Orc:2    | Bought a ring of poison resistance for 280 gold pieces
 35805 | Spider:1 | Entered Level 1 of the Spider Nest
 36108 | Spider:1 | Reached skill level 17 in Fire Magic
 38040 | Spider:1 | Reached XP level 16. HP: 104/104 MP: 22/26
 38161 | Spider:1 | HP: 5/104 [something (7)]
 38594 | Spider:1 | Reached skill level 18 in Fire Magic
 40363 | Spider:1 | Found the +8 mithril axe "Arga" {speed, Will+}
 40482 | Spider:1 | Identified a scroll of acquirement
 40483 | Spider:1 | Acquired the Folio of Pollution and Oxidation
 43238 | Spider:2 | Reached skill level 19 in Fire Magic
 46252 | Spider:3 | Reached XP level 17. HP: 75/111 MP: 9/27
 46596 | Spider:2 | Upgraded the game from 0.32-a0-928-g1cae6b7ea0 to
                  | 0.32-a0-931-g5a2cda0630
 47290 | Spider:4 | Entered Level 4 of the Spider Nest
 49197 | Spider:4 | Noticed Agnes
 49341 | Spider:4 | Killed Agnes
 49642 | Spider:4 | Reached skill level 10 in Dodging
 52880 | Shoals:1 | Entered Level 1 of the Shoals
 54174 | Shoals:1 | Reached skill level 10 in Fighting
 55558 | Shoals:2 | Reached skill level 20 in Fire Magic
 55755 | Shoals:2 | Noticed Frances
 56249 | Shoals:2 | Killed Frances
 57021 | Shoals:3 | Noticed a kraken
 57290 | Shoals:3 | Killed a kraken
 57426 | Shoals:3 | Reached XP level 18. HP: 122/122 MP: 28/28
 60409 | Shoals:4 | Entered Level 4 of the Shoals
 60421 | Shoals:4 | Noticed Mlioglotl
 60832 | Shoals:4 | Noticed Polyphemus
 60835 | Shoals:4 | Reached skill level 15 in Stealth
 60837 | Shoals:4 | Killed Polyphemus
 61682 | Shoals:4 | Paralysed by an air elemental for 1 turns
 61917 | Shoals:4 | Identified the amulet "Wykkugann" {rElec Will+ RegenMP+
                  | Stlth-}
 61937 | Shoals:4 | Killed Mlioglotl
 62471 | Shoals:4 | Noticed a titan
 62696 | Shoals:4 | Paralysed by an air elemental for 1 turns
 62703 | Shoals:4 | Killed a titan
 62715 | Shoals:4 | HP: 5/124 [wind drake/the air (14)]
 64012 | Shoals:4 | Noticed Mara
 64014 | Shoals:4 | Noticed ooooo's illusion
 65644 | Shoals:4 | Paralysed by an air elemental for 1 turns
 65659 | Shoals:4 | Identified the +2 robe of Tortelloni {rN+ Str+2}
 66119 | Shoals:4 | Noticed ooooo's illusion
 67030 | Shoals:4 | Noticed ooooo's illusion
 67035 | Shoals:3 | Noticed ooooo's illusion
 67290 | Shoals:3 | Noticed ooooo's illusion
 67294 | Shoals:4 | HP: 5/124 [Mara (illusionary)/+2 demon blade of flaming
                  | (14)]
 68051 | Shoals:4 | Got a barnacled rune of Zot
 68096 | Shoals:4 | Noticed ooooo's illusion
 68807 | D:11     | Noticed Grum
 68830 | D:11     | Found a gate leading to a gauntlet.
 68839 | Gauntlet | Entered a Gauntlet
 68839 | Gauntlet | Found a runed translucent door.
 68839 | Gauntlet | Found a transporter.
 68839 | Gauntlet | Found a runed translucent door.
 68839 | Gauntlet | Found a transporter.
 68839 | Gauntlet | Found a transporter.
 68929 | Gauntlet | Found a transporter.
 68939 | Gauntlet | Found a transporter.
 68942 | Gauntlet | Found a transporter.
 68952 | Gauntlet | Found a transporter.
 68971 | Gauntlet | Found a transporter.
 68988 | Gauntlet | Found a transporter.
 68988 | Gauntlet | Found a transporter.
 68990 | Gauntlet | Found a runed translucent gate.
 68990 | Gauntlet | Found a runed translucent gate.
 68990 | Gauntlet | Found a runed translucent gate.
 68996 | Gauntlet | Found a transporter.
 68999 | Gauntlet | Found a transporter.
 69471 | Gauntlet | Identified the +7 sling of Afaufyqu {drain, Will+ Dex+3}
 69903 | Gauntlet | Found the +0 mask of the Dragon {Will+ Slay+3 SInv}
 69918 | Gauntlet | Got Sif Muna's Directory of Portals
 70002 | D:11     | Killed Grum
 70826 | D:11     | Found a sacrificial altar of Ru.
 71439 | D:12     | Reached XP level 19. HP: 129/129 MP: 24/29
 73803 | D:14     | Noticed Josephine
 73805 | D:14     | Killed Josephine
 74074 | D:14     | Reached skill level 10 in Shapeshifting
 75093 | D:14     | Found a gate to the Vaults.
 75240 | Vaults:1 | Entered Level 1 of the Vaults
 75334 | Vaults:1 | Identified the +4 robe of the Lotus Blossom {^Contam rC+
                  | Str+5 Archmagi}
 75334 | Vaults:1 | Noticed Boris
 76476 | Vaults:1 | Paralysed by a formless jellyfish for 1 turns
 77366 | Vaults:1 | Slain by a vault warden

Illustrated notes

Levels and vault maps discovered:
D:1:      heliophobic_arrival_henge, layout_basic
D:2:      layout_loops_corners, dreamdust_ecumenical_altar_grove, uniq_robin
D:3:      layout_basic
D:4:      layout_basic, gup_sewer_entry_bubbles
D:5:      layout_loops_cross, solitary_fountain
D:6:      layout_rooms
D:7:      layout_rooms, temple_green, enter_bailey_2
D:8:      layout_basic, mainiacjoe_overflow_catch_the_wave, kennysheep_nub,
          minmay_liquid_box, st_stairs_4, nicolae_fountain_basement, uniq_erica
D:9:      layout_loops_cross, dpeg_lair_monsters, serial_shops, shop,
          gammafunk_ghost_grave
D:10:     layout_long_grid, orc_0_dummy, serial_co_window_serial,
          co_window_corner_a, co_window_paths_b, co_window_corner_a,
          co_window_paths_b, co_window_of_opportunity_a, co_window_cross_2,
          co_window_of_opportunity_b, co_window_2corner, co_window_paths_c,
          co_window_broadway_c, co_window_of_opportunity_b, minivault_8
D:11:     layout_basic, gauntlet_entry_generic, nicolae_ru_the_path_less_chosen,
          uniq_grum
D:12:     layout_roguey
D:13:     layout_gridville
D:14:     layout_roguey, grunt_vaults_entry_fortified,
          fake_guardian_serpent_vault, uniq_josephine
Temple:   nicolae_temple_slightly_damp_pantheon
Lair:1:   layout_cave_pods, grunt_megastairs_3, serial_bayou_shore_a
Lair:2:   nzn_winding_woodlands_small [nzn_winding_woodlands_5x15_parted,
          nzn_winding_woodlands_center_lodge,
          nzn_winding_woodlands_5x15_default], layout_chaotic_city,
          elwin_shoals_entry_rooms, spider_nest_entry_funnel_web,
          grunt_megastairs_1, uniq_harold
Lair:3:   layout_chaotic_city, grunt_megastairs_2, uniq_sonja
Lair:4:   cheibrodos_magma_flow, layout_long_grid, slime_entry_1, st_stairs_10,
          nzn_random_ring, lemuel_fruit_tree, infiniplex_staircase_pool_2
Lair:5:   minmay_lair_end_enchanted_forest, layout_regular_city,
          nicolae_quartered_pool_little, st_stairs_12, gammafunk_lair_bear_cave
Shoals:1: layout_shoals
Shoals:2: layout_shoals, uniq_frances
Shoals:3: layout_shoals
Shoals:4: shoals_end_hellmonk_storm_palace [storm_palace_center_square,
          storm_palace_corner_grid, storm_palace_corner_pillars,
          storm_palace_corner_narrow, storm_palace_corner_blocked],
          uniq_mlioglotl, uniq_polyphemus, uniq_mara
Spider:1: nicolae_spider_brood_tunnel
Spider:2: layout_spider_delve
Spider:3: layout_spider_delve
Spider:4: hellmonk_spider_rune_endless_swarm, uniq_agnes
Orc:1:    layout_caves, minmay_orc_treasury
Orc:2:    grunt_orc_gardens, layout_diamond_mine, grunt_orc_garden,
          grunt_orc_garden, grunt_orc_garden, grunt_orc_garden, basic_altar,
          minmay_orc_temple_b
Vaults:1: nicolae_vaults_storage_closets_2, nicolae_vaults_layer_cake_slice,
          nicolae_vaults_double_plus_1, grunt_vaults_focal,
          nicolae_vaults_alarming, grunt_vaults_hallway_short,
          ontoclasm_vaults_misaligned, vaults_room_grid, vaults_mumra_minichess,
          vaults_mumra_bighexcomb, nicolae_vaults_little_squares_5,
          vaults_dpeg_ring, hangedman_vaults_stretched_pinwheel,
          nicolae_vaults_tetromino_L_1, nicolae_vaults_rhombus_5,
          layout_vaults_chaotic_city, uniq_boris

Skill      XL: |  1  2  3  4  5  6  7  8  9 10 11 12 13 14 15 16 17 18 19 |
---------------+----------------------------------------------------------+-----
Stealth        | 3 4 5 6 7 8 9 10 11 12 14 16 | 16.0
Alchemy        | 1 2 3 4 6 |  6.0
Fighting       | 1 2 3 4 5 6 7 8 10 11 | 11.5
Shapeshifting  | 1 2 3 4 5 6 7 8 11 | 11.7
Conjurations   | 5 6 8 9 10 11 | 11.7
Dodging        | 3 4 5 6 7 8 9 10 12 | 12.0
Spellcasting   | 3 4 5 6 7 |  7.1
Ice Magic      | 3 6 |  6.3
Air Magic      | 3 6 |  6.3
Fire Magic     | 9 14 17 19 20 | 20.6

Action                     |  1- 3 |  4- 6 |  7- 9 | 10-12 | 13-15 | 16-18 | 19-21 || total
---------------------------+-------+-------+-------+-------+-------+-------+-------++-------
  Melee: Dagger            |    17 |     8 |       |       |       |       |       ||    25
         Constrict         |     4 |    22 |    17 |     6 |    17 |    15 |     1 ||    82
         Tentacles         |     2 |    15 |    18 |    11 |    21 |    30 |     7 ||   104
         Short sword       |       |    64 |    64 |    40 |    70 |     4 |       ||   242
         Broad axe         |       |       |       |       |       |    93 |    21 ||   114
  Throw: Dart              |       |       |     4 |       |       |       |       ||     4
   Cast: Magic Dart        |    16 |       |       |       |       |       |       ||    16
         Searing Ray       |     9 |    31 |    46 |    14 |       |       |       ||   100
         Fulminant Prism   |       |       |     5 |    74 |     8 |    20 |       ||   107
         Iskenderun's Myst |       |       |       |    26 |    89 |    89 |     2 ||   206
         Freezing Cloud    |       |       |       |    28 |   274 |    97 |    11 ||   410
         Ignition          |       |       |       |       |    30 |   517 |   105 ||   652
         Ignite Poison     |       |       |       |       |     3 |    11 |       ||    14
 Invoke: Call Merchant     |       |       |       |       |     3 |     1 |       ||     4
         Potion Petition   |       |       |       |       |       |    10 |     3 ||    13
  Evoke: Wand              |       |       |     6 |     1 |     2 |     6 |       ||    15
         Gell's gravitambo |       |       |       |       |       |     5 |       ||     5
         Phantom mirror    |       |       |       |       |       |     2 |       ||     2
         Lightning rod     |       |       |       |       |       |     1 |       ||     1
    Use: Scroll            |       |     8 |     3 |     1 |    15 |    25 |     1 ||    53
         Potion            |       |       |     1 |     1 |     8 |    14 |       ||    24
   Stab: Sleeping          |     4 |    12 |     9 |     4 |     3 |       |       ||    32
         Distracted        |       |     1 |     1 |       |       |       |       ||     2
         Invisible         |       |       |     1 |       |       |       |       ||     1
 Armour: Skin              |    13 |    40 |    32 |    73 |   131 |   353 |    60 ||   702
  Dodge: Dodged            |    12 |    80 |   105 |   110 |   166 |   286 |    65 ||   824
  Block: Kite shield       |       |       |       |       |       |     6 |       ||     6
         Form:             |       |       |       |       |       |       |     1 ||     1
         Statue            |       |       |       |       |       |       |     1 ||     1

Table legend: (Time is in decaauts)
 A = Elapsed time spent in this place.
 B = Non-inter-level travel time spent in this place.
 C = Inter-level travel time spent in this place.
 D = Time resting spent in this place.
 E = Time spent auto-exploring this place.
 F = Levels seen in this place.
 G = Mean time per level.
                   A        B        C        D        E       F      G
               +--------+--------+--------+--------+--------+-----+--------+
         Total |  77439 |  74630 |   2809 |  41608 |  23045 |  34 | 2277.6 |
       Dungeon |  19873 |  18595 |   1278 |   6268 |   9549 |  14 | 1419.5 |
        Temple |     38 |      2 |     36 |      0 |      0 |   1 |   38.0 |
          Lair |  15810 |  14976 |    834 |   8355 |   4896 |   5 | 3162.0 |
        Shoals |  15401 |  15179 |    222 |  10641 |   2682 |   4 | 3850.2 |
   Spider Nest |  15102 |  14777 |    325 |  10339 |   2782 |   4 | 3775.5 |
  Orcish Mines |   5427 |   5314 |    113 |   2945 |   1709 |   2 | 2713.5 |
        Vaults |   2126 |   2126 |      0 |   1129 |    800 |   1 | 2126.0 |
         Sewer |   1445 |   1445 |      0 |    842 |    282 |   1 | 1445.0 |
        Bailey |   1063 |   1063 |      0 |    616 |    188 |   1 | 1063.0 |
      Gauntlet |   1152 |   1152 |      0 |    473 |    157 |   1 | 1152.0 |
               +--------+--------+--------+--------+--------+-----+--------+

Top non-repeatable levels by time:
Spider:3: 5485 daAuts
  Lair:2: 5451 daAuts
Shoals:4: 5345 daAuts
Shoals:3: 4563 daAuts
Spider:2: 4209 daAuts
     D:9: 4067 daAuts
  Lair:5: 3922 daAuts
   Orc:1: 3768 daAuts
Spider:1: 3695 daAuts
  Lair:4: 3571 daAuts
     D:8: 2893 daAuts
Shoals:2: 2891 daAuts
Shoals:1: 2601 daAuts
Vaults:1: 2126 daAuts
Spider:4: 1711 daAuts
